 Dungeon Crawl Stone Soup version 0.28.0-43-g3370ac3207 (webtiles) character file.

Game seed: 16675571888228935809

87 demenzo the Cutter (level 4, -2/29 HPs)
             Began as a Kobold Berserker on Mar 1, 2022.
             Was a Follower of Trog.
             Slain by a gnoll
             ... wielding a +0 spear
              (4 damage)
             ... on level 2 of the Dungeon.
             The game lasted 00:01:50 (1423 turns).

demenzo the Cutter (Kobold Berserker)               Turns: 1423, Time: 00:01:51

Health: -2/29      AC:  2    Str: 16    XL:     4   Next: 80%
Magic:  4/4        EV: 14    Int:  8    God:    Trog [*.....]
Gold:   101        SH:  0    Dex:  9    Spells: 3/3 levels left

rFire   . . .      SeeInvis .   h - +2 hand axe of Hairy Optimality {vamp, rPois rC+ Dex-5 Stlth+}
rCold   + . .      Faith    .   (no shield)
rNeg    . . .      Spirit   .   b - +0 animal skin
rPois   +          Reflect  .   (no helmet)
rElec   .          Harm     .   (no cloak)
rCorr   .          Rampage  .   (no gloves)
Will    .....                   (no boots)
Stlth   +++.......              e - amulet of regeneration
HPRegen 0.89/turn               (no ring)
MPRegen 0.09/turn               (no ring)

@: no status effects
A: small, no large weapons, nightstalker 3
a: Renounce Religion, Berserk


You were on level 2 of the Dungeon.
You worshipped Trog.
Trog was aware of your devotion.
You visited 1 branch of the dungeon, and saw 2 of its levels.

You collected 101 gold pieces.

Inventory:

Hand Weapons
 a - a +0 short sword
 h - the +2 hand axe of Hairy Optimality (weapon) {vamp, rPois rC+ Dex-5 Stlth+}
   (You found it on level 2 of the Dungeon)

   It occasionally heals its wielder for a portion of the damage dealt when it
   wounds a living foe.
   Dex:       It affects your dexterity (-5).
   rC:        It protects you from cold.
   rPois:     It protects you from poison.
   Stlth:     It makes you more stealthy.
Missiles
 d - 42 stones (quivered)
Armour
 b - a +0 animal skin (worn)
Jewellery
 e - an amulet of regeneration (around neck)
Scrolls
 f - 3 scrolls of identify {unknown}
 j - a scroll of enchant weapon {unknown}
Potions
 c - 2 potions of curing {unknown}
 g - 2 potions of might {unknown}
 i - a potion of cancellation {unknown}
 k - a potion of mutation {unknown}


   Skills:
 + Level 4.0 Fighting
 * Level 5.6 Short Blades
 - Level 1.5 Armour
 + Level 3.4 Dodging


You had 3 spell levels left.
You didn't know any spells.
Your spell library was empty.

Dungeon Overview and Level Annotations

Branches:
Dungeon (2/15)

Altars:
Dithmenos


Innate Abilities, Weirdness & Mutations

You are small and have problems with some larger weapons.
You are completely attuned to the shadows.


Message History

There is an escape hatch in the ceiling here.
A rat comes into view.
Found a stone staircase leading down.
Found 7 gold pieces.
A rat is nearby!
A rat is nearby!
The helpless rat fails to defend itself.
You hit the rat.
The rat is moderately wounded.
The rat bites you but does no damage.
A rat is nearby!
You barely miss the rat. The rat bites you but does no damage.
A rat is nearby!
You hit the rat.
You kill the rat!
Trog accepts your kill.
You now have 101 gold pieces (gained 7).
A gnoll comes into view. It is wielding a +0 spear.
A gnoll is nearby! 2 gnolls come into view.
The gnoll shouts!
There are monsters nearby!
The gnoll shouts! x2; You hear a shout!
A gnoll comes into view. It is wielding a +0 club.
The gnoll closely misses you.
The gnoll hits you from afar with a +0 spear!
There are monsters nearby!
You closely miss the gnoll. x2; The gnoll hits you with a +0 spear.
The gnoll hits you with a +0 halberd!
* * * LOW HITPOINT WARNING * * *
The gnoll barely misses you.
You are too injured to fight recklessly!
You are too injured to fight recklessly!
Unknown command.
The gnoll hits you with a +0 spear!
* * * LOW HITPOINT WARNING * * *
The gnoll misses you.
Unknown command.
The gnoll hits you from afar with a +0 spear.
You die...

......#...
##.###
.......... #....
..†.).#...
.......# #.###
..).......
.......# #....
......#...
.....g.# #####
......#...
....gg.# ......#
. .....g.#
.)....# ####.###
......# ####@##
....... #.....#
##...... #.....#
#.....# #.....#
#.....# #.....#
#.....##########
#..............#


You could see 4 gnolls.

Vanquished Creatures
  An adder (D:2)
  3 gnolls
  A worm (D:2)
  2 dart slugs
  4 ball pythons (D:2)
  3 endoplasms
  A giant cockroach (D:2)
  8 goblins
  A hobgoblin (D:1)
  5 kobolds
  2 quokkas
  2 bats
  A frilled lizard (D:2)
  6 rats
40 creatures vanquished.

Notes
Turn   | Place    | Note
-------+----------+-------------------------------------------
     0 | D:1      | demenzo the Kobold Berserker began the quest for the Orb.
     0 | D:1      | Reached XP level 1. HP: 14/14 MP: 1/1
   180 | D:1      | Reached XP level 2. HP: 13/19 MP: 2/2
   591 | D:1      | Reached XP level 3. HP: 23/23 MP: 3/3
   815 | D:2      | Reached skill level 5 in Short Blades
   861 | D:2      | Found a faded altar of an unknown god.
   903 | D:2      | Identified the +2 hand axe of Hairy Optimality {vamp, rPois
                  | rC+ Dex-5 Stlth+}
   950 | D:2      | Reached XP level 4. HP: 29/29 MP: 4/4
  1189 | D:2      | Found a shadowy altar of Dithmenos.
  1422 | D:2      | HP: 1/29 [gnoll/+0 spear (7)]
  1423 | D:2      | Slain by a gnoll

Illustrated notes

Levels and vault maps discovered:
D:1:      sevenhm_arrival_forest_fort_small_4, layout_rooms
D:2:      layout_basic, nicolae_ecumenical_oubliette, basic_altar

Skill      XL: |  1  2  3  4 |
---------------+-------------+-----
Dodging        | 3 |  3.4
Short Blades   | 5 |  5.6
Fighting       | 4 |  4.0
Armour         | |  1.5

Action                   |  1- 3 |  4- 6 || total
-------------------------+-------+-------++-------
Melee: Short sword       |    71 |       ||    71
       Hand axe          |     3 |    41 ||    44
       Punch             |       |     2 ||     2
Invok: Berserk           |     2 |     1 ||     3
 Stab: Sleeping          |     7 |     9 ||    16
Armor: Animal skin       |     6 |     4 ||    10
Dodge: Dodged            |    39 |    22 ||    61
